 Dungeon Crawl Stone Soup version 0.21.1-1-g345015f (webtiles) character file.

19828 Mgcat the Fighter (level 12, -9/105 HPs)
             Began as a Demonspawn Berserker on Mar 20, 2018.
             Was a High Priest of Trog.
             Mangled by a spiny frog (18 damage)
             ... on level 1 of the Lair of Beasts.
             The game lasted 00:40:10 (11378 turns).

Mgcat the Fighter (Demonspawn Berserker)           Turns: 11378, Time: 00:40:11

Health: -9/105     AC: 15    Str: 21    XL:     12   Next: 40%
Magic:  12/12      EV: 17    Int:  9    God:    Trog [*****.]
Gold:   607        SH:  0    Dex: 19    Spells: 11/11 levels left

rFire    . . .     SeeInvis .   N - +3 broad axe
rCold    . . .     Gourm    .   (no shield)
rNeg     . . .     Faith    .   m - +2 ring mail {rPois}
rPois    +         Spirit   .   (helmet restricted)
rElec    .         Reflect  .   (no cloak)
rCorr    .         Harm     .   L - +2 pair of gloves
MR       +....                  p - +2 pair of boots
Stlth    ++........             f - amulet of magic regeneration
HPRegen  0.27/turn              s - ring of flight {+Fly, !d}
MPRegen  0.38/turn              B - ring of protection from magic {MR+, !d}

@: agile
A: antennae 1, powered by death 3, powered by pain 2
a: Berserk, Trog's Hand, Brothers in Arms, Burn Spellbooks, Renounce Religion,
Evoke Flight


You were on level 1 of the Lair of Beasts.
You worshipped Trog.
Trog was extremely pleased with you.
You were not hungry.

You visited 2 branches of the dungeon, and saw 12 of its levels.
You also visited: Ossuary.

You collected 607 gold pieces.

Inventory:

Hand Weapons
 C - a +0 spear of venom
   (You found it on level 2 of the Dungeon)
 N - a +3 broad axe (weapon)
   (You took it off a tengu warrior on level 10 of the Dungeon)
Missiles
 y - a throwing net {=f, !d}
Armour
 a - a +0 scale mail
   (You found it on level 8 of the Dungeon)
 m - a +2 ring mail of poison resistance (worn)
   (You took it off an orc on level 3 of the Dungeon)
 p - a +2 pair of boots (worn)
   (You found it on level 2 of the Dungeon)
 I - the +1 ring mail of Zirphiy {SInv}
   (You found it on level 9 of the Dungeon)

   It lets you see invisible.
 L - a +2 pair of gloves (worn)
   (You found it on level 9 of the Dungeon)
Jewellery
 f - an amulet of magic regeneration (around neck)
   (You found it on level 2 of the Dungeon)
 r - an uncursed ring of fire {rF+, rC-}
   (You found it in an ossuary)
 s - a ring of flight (left hand) {+Fly, !d}
   (You found it on level 2 of the Dungeon)
 v - an uncursed ring of ice {rC+, rF-}
   (You found it on level 3 of the Dungeon)
 B - a ring of protection from magic (right hand) {MR+, !d}
   (You found it in an ossuary)
 G - an uncursed ring of ice {rC+, rF-}
   (You found it on level 7 of the Dungeon)
 K - an uncursed ring of magical power {unknown}
   (You took it off an orc on level 8 of the Dungeon)
Wands
 b - a wand of iceblast (11)
   (You found it on level 5 of the Dungeon)
 x - a wand of paralysis (35)
   (You found it on level 3 of the Dungeon)
 E - a wand of acid (4)
   (You found it on level 7 of the Dungeon)
 F - a wand of random effects (52)
   (You found it on level 7 of the Dungeon)
Scrolls
 g - a scroll of enchant armour
 h - 4 scrolls of fog
 i - 4 scrolls of blinking {!r}
 n - 8 scrolls of remove curse
 o - 7 scrolls of teleportation
 t - 10 scrolls of identify
 Q - a scroll of random uselessness {unknown}
Potions
 d - a potion of heal wounds
 e - 4 potions of curing
 j - 4 potions of mutation {unknown}
 k - 3 potions of ambrosia {unknown}
 l - 3 potions of agility {unknown}
 q - 3 potions of brilliance {unknown}
 u - 3 potions of magic {unknown}
 w - a potion of might {unknown}
 z - a potion of cancellation {unknown}
 A - 2 potions of degeneration {unknown}
 H - a potion of resistance {unknown}
 J - a potion of haste {unknown}
 M - a potion of flight {unknown}
 O - a potion of lignification {unknown}
 P - a potion of berserk rage {unknown}
Books
 D - a book of Frost
   (You found it on level 5 of the Dungeon)
Comestibles
 c - 19 rations
 R - 11 chunks of flesh {@w0}


   Skills:
 + Level 13.0 Fighting
 + Level 12.1 Axes
 + Level 9.2 Armour
 - Level 1.7 Dodging


You had 11 spell levels left.
You didn't know any spells.

Dungeon Overview and Level Annotations

Branches:
Dungeon (11/15)            Temple (0/1) D:7            Lair (1/6) D:9
    Orc: D:9-12

Altars:
Ashenzari
Dithmenos
Fedhas
Hepliaklqana
Kikubaaqudgha
Okawaru
Ru
Xom
The Shining One

Shops:
D:10 (

Annotations:
Lair:1 exclusion: oklob plant


Innate Abilities, Weirdness & Mutations

You have a pair of small antennae on your head.
You regenerate a lot of health from kills.
You sometimes gain power by taking damage.


Message History

You slash the wolf!
You kill the wolf!
Trog accepts your kill.
A wolf comes into view.
The wolf howls!
You closely miss the wolf. The wolf bites you! The wolf bites you.
You miss the wolf. The wolf completely misses you.
You slash the wolf!
The wolf is severely wounded.
The wolf bites you. The wolf bites you!
* * * LOW HITPOINT WARNING * * *
You slash the wolf!
You kill the wolf!
Trog accepts your kill.
A wolf comes into view.
You are too injured to fight recklessly!
The wolf howls!
Your skin crawls.
You feel resistant to hostile enchantments.
You feel quite a bit more hungry.
You closely miss the wolf. The wolf bites you but does no damage.
You slash the wolf!
The wolf is heavily wounded.
The wolf bites you.
* * * LOW HITPOINT WARNING * * *
The wolf barely misses you.
You hit the wolf.
The wolf is severely wounded.
The wolf barely misses you. x2
You closely miss the wolf.
The wolf is severely wounded.
The wolf bites you.
* * * LOW HITPOINT WARNING * * *
The wolf bites you but does no damage.
You slice the wolf!!
You kill the wolf!
Trog accepts your kill.
You feel the effects of Trog's Hand fading.
You butcher the wolf corpse.
R - 10 chunks of flesh {@w0} (gained 3)
You see here a wolf skeleton.
Your skin stops crawling.
You feel less resistant to hostile enchantments.
You see here a wolf skeleton.
You butcher the wolf corpse.
R - 11 chunks of flesh {@w0} (gained 1)
You see here a wolf skeleton.
You sense a monster nearby.
No target in view!
No target in view!
A spiny frog comes into view.
The spiny frog moves out of view.
The spiny frog stings you!!
You hit the spiny frog.
The spiny frog is lightly wounded.
The spiny frog stings you but does no damage.
The spiny frog barely misses you.
You slash the spiny frog!
The spiny frog is moderately wounded.
The spiny frog closely misses you.
You barely miss the spiny frog.
The spiny frog is moderately wounded.
The spiny frog stings you but does no damage.
You hit the spiny frog but do no damage.
The spiny frog is moderately wounded.
The spiny frog stings you!
You hit the spiny frog but do no damage.
The spiny frog is moderately wounded.
The spiny frog stings you but does no damage.
You barely miss the spiny frog.
The spiny frog is moderately wounded.
The spiny frog stings you but does no damage. x2
You hit the spiny frog but do no damage.
The spiny frog is moderately wounded.
The spiny frog stings you!
You barely miss the spiny frog.
The spiny frog is moderately wounded.
The spiny frog stings you!
You hit the spiny frog but do no damage.
The spiny frog is moderately wounded.
The spiny frog stings you!
You focus on the pain.
You feel agile all of a sudden.
You closely miss the spiny frog.
The spiny frog is moderately wounded.
The spiny frog barely misses you.
You barely miss the spiny frog.
The spiny frog is moderately wounded.
The spiny frog stings you!
* * * LOW HITPOINT WARNING * * *
The spiny frog completely misses you.
You slash the spiny frog!
The spiny frog is heavily wounded.
The spiny frog stings you!!
* * * LOW HITPOINT WARNING * * *
You focus on the pain.
You feel more agile all of a sudden.
You hit the spiny frog but do no damage.
The spiny frog is heavily wounded.
The spiny frog stings you!!
You die...

... #..............+
... ##.##..#........#
.. #.##..#...+...#P#
##..#.#..##....######
...#.##.#......#
#.##.####.......
#.###...##.$ ....##.
........#F.# ...
...(....##@###...
..................
........./........
......####........
...... #........
###### #........
##.###### ##


You could see a spiny frog.

Vanquished Creatures
  3 two-headed ogres
  Erica (D:11)
  A tengu warrior (D:10)
  The ghost of zxcv the Cleaver, a novice DDFi of Makhleb (D:9)
  2 unseen horrors (D:11)
  An obsidian statue (D:9)
  A cyclops (D:11)
  Psyche (D:8)
  A gargoyle (D:10)
  A spiny frog (Lair:1)
  A rime drake (Lair:1)
  3 trolls
  A hippogriff (D:11)
  A meliai zombie (D:11)
  A spriggan (D:8)
  A vampire (D:11)
  2 wraiths (D:10)
  A basilisk (Lair:1)
  32 yaks
  A steam dragon (D:10)
  4 water moccasins
  A hornet zombie (Ossuary)
  2 orc warriors
  6 ice beasts
  5 sky beasts
  8 ogres
  2 black bears
  A necrophage (D:11)
  5 wolves (Lair:1)
  5 centaurs
  2 crocodiles
  7 bullfrogs
  4 scorpions
  4 howler monkeys
  7 electric eels
  7 crimson imps
  3 bullfrog zombies (Ossuary)
  A centaur zombie (Ossuary)
  5 orc priests
  2 bullfrog skeletons
  3 hounds (D:10)
  5 jellies
  7 orc wizards
  Terence (D:2)
  6 iguanas
  4 worker ants
  2 killer bee zombies (Ossuary)
  A hound zombie (Ossuary)
  17 mummies (Ossuary)
  2 worker ant zombies (Ossuary)
  4 gnolls (D:6)
  3 howler monkey zombies
  11 adders
  A shadow imp (D:11)
  An adder zombie (Ossuary)
  An adder skeleton (D:6)
  A worm (D:2)
  3 dart slugs
  5 leopard geckos
  18 orcs
  A ball python (D:4)
  4 giant cockroaches
  4 goblins
  7 hobgoblins
  14 jackals
  4 kobolds
  A quokka (D:4)
  5 bats
  3 frilled lizards
  A giant cockroach zombie (Ossuary)
  2 jackal zombies
  2 leopard gecko zombies (Ossuary)
  2 quokka zombies (Ossuary)
  5 rats
  A plant (D:8)
290 creatures vanquished.

Vanquished Creatures (others)
  5 plants (D:8)
  3 withered plants (Ossuary)
8 creatures vanquished.

Grand Total: 298 creatures vanquished

Notes
Turn   | Place    | Note
-------+----------+-------------------------------------------
     0 | D:1      | Mgcat the Demonspawn Berserker began the quest for the Orb.
     0 | D:1      | Reached XP level 1. HP: 18/18 MP: 1/1
   217 | D:1      | Reached skill level 3 in Axes
   222 | D:1      | Gained mutation: You regenerate a little health from kills. [demonic ancestry]
   222 | D:1      | Reached XP level 2. HP: 19/24 MP: 2/2
  1324 | D:2      | Gained mutation: You regenerate health from kills. [demonic ancestry]
  1324 | D:2      | Reached XP level 3. HP: 25/29 MP: 3/3
  1345 | D:2      | Noticed Terence
  1405 | D:2      | Killed Terence
  1405 | D:2      | Reached skill level 4 in Fighting
  1431 | D:2      | Found a shadowy altar of Dithmenos.
  1898 | D:3      | Gained mutation: You regenerate a lot of health from kills. [demonic ancestry]
  1898 | D:3      | Reached XP level 4. HP: 12/37 MP: 4/4
  1898 | D:3      | HP: 9/37 [orc/club (4)]
  2183 | D:3      | Reached ** piety under Trog
  2183 | D:3      | Reached skill level 4 in Axes
  2644 | D:4      | Reached XP level 5. HP: 43/43 MP: 5/5
  2844 | D:4      | Noticed an ogre
  2852 | D:4      | Killed an ogre
  2852 | D:4      | Reached skill level 5 in Fighting
  2852 | D:4      | Reached XP level 6. HP: 51/51 MP: 6/6
  3289 | D:5      | Entered Level 5 of the Dungeon
  3490 | D:5      | Reached skill level 5 in Axes
  3502 | D:5      | Found a sand-covered staircase.
  3509 | Ossuary  | Entered an ossuary
  3592 | Ossuary  | HP: 11/52 [killer bee zombie (7)]
  3593 | Ossuary  | Reached skill level 6 in Fighting
  3600 | Ossuary  | HP: 9/52 [howler monkey zombie (5)]
  3604 | Ossuary  | Gained mutation: You sometimes gain a little power by taking damage. [demonic ancestry]
  3604 | Ossuary  | Reached XP level 7. HP: 11/58 MP: 7/7
  3642 | Ossuary  | HP: 12/58 [killer bee zombie (7)]
  3851 | Ossuary  | Reached skill level 6 in Axes
  3949 | Ossuary  | Reached *** piety under Trog
  3983 | Ossuary  | Reached skill level 7 in Fighting
  4077 | Ossuary  | Reached XP level 8. HP: 41/67 MP: 8/8
  4474 | D:5      | Reached skill level 7 in Axes
  4654 | D:5      | Reached skill level 8 in Fighting
  5379 | D:6      | Found a sacrificial altar of Ru.
  5381 | D:6      | Found an iron altar of Okawaru.
  5388 | D:6      | Found a blossoming altar of Fedhas.
  5390 | D:6      | Found a shattered altar of Ashenzari.
  5404 | D:6      | Found a hazy altar of Hepliaklqana.
  5455 | D:6      | Reached skill level 8 in Axes
  5525 | D:6      | HP: 14/69 [bullfrog (5)]
  5531 | D:6      | Reached XP level 9. HP: 52/75 MP: 9/9
  5571 | D:6      | Reached skill level 9 in Fighting
  5753 | D:6      | Reached **** piety under Trog
  5774 | D:6      | Found a sacrificial altar of Ru.
  5801 | D:6      | Reached skill level 2 in Armour
  6076 | D:7      | Found a staircase to the Ecumenical Temple.
  6259 | D:7      | Found an ancient bone altar of Kikubaaqudgha.
  6559 | D:7      | Reached skill level 3 in Armour
  6807 | D:8      | Reached skill level 9 in Axes
  6962 | D:8      | Noticed a two-headed ogre
  6972 | D:8      | Killed a two-headed ogre
  6972 | D:8      | Reached skill level 10 in Fighting
  6972 | D:8      | Reached skill level 4 in Armour
  6972 | D:8      | Reached XP level 10. HP: 80/85 MP: 10/10
  7305 | D:8      | HP: 20/85 [electric eel/bolt of electricity (9)]
  7506 | D:8      | Noticed a two-headed ogre
  7525 | D:8      | Killed a two-headed ogre
  7527 | D:8      | Noticed Psyche
  7534 | D:8      | Paralysed by Psyche for 6 turns
  7541 | D:8      | Killed Psyche
  7541 | D:8      | Reached ***** piety under Trog
  7541 | D:8      | Reached skill level 5 in Armour
  8451 | D:9      | Found a shimmering altar of Xom.
  8528 | D:9      | Reached skill level 10 in Axes
  8620 | D:9      | Noticed a two-headed ogre
  8644 | D:9      | Killed a two-headed ogre
  8644 | D:9      | Reached skill level 11 in Fighting
  8648 | D:9      | Reached skill level 6 in Armour
  8702 | D:9      | Noticed an obsidian statue
  8712 | D:9      | Noticed zxcv's ghost (novice DDFi)
  8731 | D:9      | Killed zxcv's ghost
  8731 | D:9      | Gained mutation: You have a pair of small antennae on your head. [demonic ancestry]
  8731 | D:9      | Reached XP level 11. HP: 93/93 MP: 11/11
  9107 | D:10     | Entered Level 10 of the Dungeon
  9268 | D:10     | Noticed a tengu warrior
  9291 | D:10     | Killed a tengu warrior
  9291 | D:10     | Reached skill level 7 in Armour
  9488 | D:10     | Reached skill level 11 in Axes
  9624 | D:10     | Reached skill level 12 in Fighting
  9750 | D:10     | Found Baphi's Weapon Shop.
 10044 | D:11     | Found a glowing golden altar of the Shining One.
 10090 | D:11     | Noticed Erica
 10099 | D:11     | Killed Erica
 10099 | D:11     | Reached skill level 8 in Armour
 10201 | D:11     | HP: 20/95 [something (7)]
 10208 | D:11     | HP: 20/95 [something (5)]
 10218 | D:11     | Killed an unseen horror
 10315 | D:11     | Killed an unseen horror
 10331 | D:11     | Gained mutation: You sometimes gain power by taking damage. [demonic ancestry]
 10331 | D:11     | Reached XP level 12. HP: 76/103 MP: 12/12
 11067 | D:9      | Reached skill level 9 in Armour
 11072 | D:9      | Got a brightly glowing ring mail
 11083 | D:9      | Identified the +1 ring mail of Zirphiy {SInv} (You found it on level 9 of the Dungeon)
 11117 | D:9      | Found a staircase to the Lair.
 11126 | Lair:1   | Entered Level 1 of the Lair of Beasts
 11164 | Lair:1   | Reached skill level 12 in Axes
 11260 | Lair:1   | Reached skill level 13 in Fighting
 11293 | Lair:1   | HP: 24/105 [wolf (8)]
 11377 | Lair:1   | HP: 9/105 [spiny frog (20)]
 11378 | Lair:1   | Mangled by a spiny frog

Skill      XL: |  1  2  3  4  5  6  7  8  9 10 11 12 |
---------------+-------------------------------------+-----
Axes           | 3 4 5 6 8 9 10 11 12 | 12.1
Fighting       | 4 5 6 7 8 10 11 12 13 | 13.0
Armour         | 4 6 8 9 |  9.2
Dodging        | |  1.7

Action                   |  1- 3 |  4- 6 |  7- 9 | 10-12 || total
-------------------------+-------+-------+-------+-------++-------
Melee: Hand axe          |   111 |   169 |   294 |       ||   574
       War axe           |       |       |   250 |   265 ||   515
       Broad axe         |       |       |       |   339 ||   339
Invok: Berserk           |       |     6 |     9 |    15 ||    30
       Trog's Hand       |       |     1 |       |     6 ||     7
       Burn Spellbooks   |       |       |       |     1 ||     1
 Abil: Evoke Flight      |       |       |     2 |       ||     2
  Use: Potion            |       |     2 |     4 |     4 ||    10
       Scroll            |       |     9 |     2 |     2 ||    13
  Eat: Chunk             |     3 |    12 |    13 |    25 ||    53
       Ration            |       |       |     2 |     2 ||     4
Armor: Animal skin       |    28 |    18 |       |       ||    46
       Ring mail         |       |    23 |   216 |   285 ||   524
Dodge: Dodged            |    57 |   102 |   250 |   317 ||   726

Vault maps used:
D:1:      eino_arrival_water_star, serial_forest, infiniplex_forest_join,
          infiniplex_forest_lined_2, infiniplex_forest_end_1,
          infiniplex_forest_lined_3_way, infiniplex_forest_clump_tiny,
          solitary_fountain
D:2:      first_ration, grunt_dithmenos_smoke_and_mirrors, uniq_terence
D:5:      chequers_ossuary_entry_cave, minmay_misc_feat_doors
D:6:      nicolae_overflow_hidden_temple, grunt_temple_overflow_open,
          lemuel_tele_altar
D:7:      kiku_gazebo_pond_becter, minmay_temple_entry_water_ring,
          kennysheep_big_empty_room
D:8:      serial_bayou, serial_bayou_ford_a, serial_bayou_lake_a,
          serial_bayou_pond_d, serial_bayou_lagoon_b, serial_bayou_pond_e,
          the_bakery, feat_on_display, uniq_psyche
D:9:      lair_entry_dummy, basic_altar, minmay_variable_closet,
          grunt_decor_one_mirror, minivault_16
D:10:     serial_shops, shop
D:11:     serial_glass, glass_columns_b, glass_columns_b, basic_altar,
          uniq_erica
Lair:1:   minmay_lair_oklob_bushes, beast_lair_carwin_10
Ossuary:  ossuary_zaba_flooded

Table legend:
 A = Turns spent in this place as a percentage of turns spent in the entire game.
 B = Non-inter-level travel turns spent in this place as a percentage of non-inter-level travel turns spent in the entire game.
 C = Inter-level travel turns spent in this place as a percentage of turns spent in this place.
 D = Turns resting spent in this place as a percentage of non-inter-level travel turns spent in this place.
 E = Turns spent auto-exploring this place as a percentage of non-inter-level travel turns spent in this place.
 F = Non-inter-level travel turns spent in this place divided by the number of levels of this place that you've seen.
                   A       B       C       D       E      F
               +-------+-------+-------+-------+-------+----------------------
         Total | 100.0 | 100.0 |   6.6 |   2.7 |  70.1 | 817.8
       Dungeon |  91.0 |  90.3 |   7.2 |   2.6 |  73.8 | 873.1
          Lair |   2.2 |   2.4 |   0.0 |   0.0 |  52.4 | 252.0
       Ossuary |   6.8 |   7.3 |   0.0 |   4.8 |  30.2 | 776.0
               +-------+-------+-------+-------+-------+----------------------

Table legend:
 A = Kills in this place as a percentage of kills in entire the game.
 B = Kills by you in this place as a percentage of kills by you in the entire game.
 C = Kills by friends in this place as a percentage of kills by friends in the entire game.
 D = Other kills in this place as a percentage of other kills in the entire game.
 E = Experience gained in this place as a percentage of experience gained in the entire game.
 F = Experience gained in this place divided by the number of levels of this place that you have seen.
                   A       B       C       D       E      F
               +-------+-------+-------+-------+-------+----------------------
         Total | 100.0 | 100.0 |   N/A |   N/A | 100.0 | 2179.0
       Dungeon |  83.4 |  83.4 |   N/A |   N/A |  89.6 | 2307.9
          Lair |   4.2 |   4.2 |   N/A |   N/A |   7.2 | 2044.0
       Ossuary |  12.5 |  12.5 |   N/A |   N/A |   3.2 | 896.0
               +-------+-------+-------+-------+-------+----------------------
